 Dungeon Crawl Stone Soup version 0.20-a0-454-g2b43fbb (webtiles) character file.

272 HarleyQuinn the Conjurer (level 6, -1/32 HPs)
             Began as a Deep Elf Conjurer on Jan 8, 2017.
             Slain by a phantom (7 damage)
             ... on level 4 of the Dungeon.
             The game lasted 00:12:39 (5228 turns).

HarleyQuinn the Conjurer (Deep Elf Conjurer)        Turns: 5228, Time: 00:12:40

Health: -1/32      AC:  2    Str:  5    XL:     6   Next: 2%
Magic:  1/15       EV: 13    Int: 22    God:
Gold:   135        SH:  0    Dex: 15    Spells: 7/15 levels left

rFire  . . .     SeeInvis .     j - +2 whip (vamp)
rCold  . . .     Gourm    .     a - +0 robe
rNeg   . . .     Faith    .     (no shield)
rPois  .         Spirit   .     (no helmet)
rElec  .         Reflect  .     (no cloak)
rCorr  .         Harm     .     (no gloves)
MR     .....                    (no boots)
Stlth  ++........               (no amulet)
                                (no ring)
                                (no ring)

@: no status effects
A: no striking features
a: no special abilities


You were on level 4 of the Dungeon.
You were very hungry.

You visited 1 branch of the dungeon, and saw 4 of its levels.

You collected 135 gold pieces.

Inventory:

Hand Weapons
 j - a +2 vampiric whip (weapon)
Armour
 a - a +0 robe (worn)
 q - a +0 pair of gloves
 t - a +0 pair of gloves of dexterity
Scrolls
 d - 2 scrolls of remove curse {unknown}
 f - 2 scrolls of teleportation {unknown}
 h - 4 scrolls of identify {unknown}
 m - a scroll of fog {unknown}
 n - 2 scrolls of immolation {unknown}
 p - a scroll of enchant weapon {unknown}
Potions
 c - 2 potions of curing {unknown}
 e - a potion of magic {unknown}
 k - a potion of ambrosia {unknown}
 l - 2 potions of mutation {unknown}
 r - a potion of cancellation {unknown}
 u - a potion of heal wounds {unknown}
Books
 b - a book of Conjurations

   Spells                             Type                      Level
   a - Magic Dart                     Conjuration                  1
   b - Searing Ray                    Conjuration                  2
   c - Dazzling Spray                 Conjuration/Hexes            3
   d - Fulminant Prism                Conjuration/Hexes            4
   e - Iskenderun's Mystic Blast      Conjuration                  4
   f - Iskenderun's Battlesphere      Conjuration/Charms           5
Comestibles
 g - a beef jerky
 i - 4 fruits
 o - a bread ration
 s - a meat ration


   Skills:
 - Level 2.4 Dodging
 - Level 2.4 Stealth
 - Level 5.0 Spellcasting
 - Level 6.2 Conjurations
 + Level 4.4 Charms


You had 7 spell levels left.
You knew the following spells:

 Your Spells              Type           Power        Failure   Level  Hunger
a - Magic Dart            Conj           ####         1%          1    None
b - Searing Ray           Conj           ####..       1%          2    None
c - Iskenderun's Battles  Conj/Chrm      ####....     34%         5    #####..


Dungeon Overview and Level Annotations

Branches:
Dungeon (4/15)
 Temple: D:4-7

Altars:
Ashenzari
Gozag
Okawaru
Trog


Message History

Press: ? - help, Shift-Dir - straight line, f/p - phantom
Aim: a phantom (severely damaged)
The searing ray hits the phantom.
The phantom is almost destroyed.
The phantom misses you.
You closely miss the phantom.
The phantom is almost destroyed.
The phantom closely misses you.
You closely miss the phantom.
The phantom is almost destroyed.
The phantom hits you!
* * * LOW HITPOINT WARNING * * *
You barely miss the phantom.
The phantom is almost destroyed.
The phantom misses you.
You are feeling very hungry.
You barely miss the phantom.
The phantom is almost destroyed.
The phantom hits you!
You die...

### ..# ..# ..# ...# ..#
...# ..# #####...+ ..#
###^..##..#
.........<......#@##...#.#
................#W##%....#
................#)##._...#
................#.##.....#
................#.##.!.#.#
...............^##.'..##.#
...............>.######..#
................. ##...###
..#######'###### #......#


You could see a phantom.

Vanquished Creatures
  A bullfrog skeleton (D:4)
  2 orc wizards (D:3)
  3 gnolls (D:4)
  7 adders
  A worm (D:2)
  3 dart slugs (D:1)
  4 leopard geckos
  6 orcs
  5 giant cockroaches
  5 goblins
  6 hobgoblins
  9 jackals
  7 kobolds
  5 quokkas
  A ball python (D:4)
  4 bats
  6 frilled lizards
  5 rats
80 creatures vanquished.

Notes
Turn   | Place    | Note
-------+----------+-------------------------------------------
     0 | D:1      | HarleyQuinn the Deep Elf Conjurer began the quest for the Orb.
     0 | D:1      | Reached XP level 1. HP: 10/10 MP: 6/6
   109 | D:1      | Reached XP level 2. HP: 12/15 MP: 0/8
   684 | D:1      | Learned a level 2 spell: Searing Ray
  1001 | D:2      | Found an opulent altar of Gozag.
  1017 | D:2      | Reached skill level 5 in Spellcasting
  1017 | D:2      | Reached XP level 3. HP: 18/19 MP: 5/11
  1782 | D:2      | Reached skill level 5 in Conjurations
  2365 | D:3      | Reached XP level 4. HP: 24/24 MP: 11/13
  3211 | D:3      | Reached skill level 6 in Conjurations
  3211 | D:3      | Reached XP level 5. HP: 20/28 MP: 0/14
  3218 | D:3      | Learned a level 5 spell: Iskenderun's Battlesphere
  3550 | D:3      | Reached skill level 1 in Charms
  4152 | D:3      | Found an iron altar of Okawaru.
  5139 | D:4      | Found a shattered altar of Ashenzari.
  5170 | D:4      | Noticed a phantom
  5173 | D:4      | Reached XP level 6. HP: 32/32 MP: 5/15
  5196 | D:4      | Found a bloodstained altar of Trog.
  5228 | D:4      | Slain by a phantom

Vault maps used:
D:1:      minmay_arrival_nine_rooms
D:2:      first_bread, nicolae_gozag_cash_rules_everything_around_me
D:3:      lemuel_crystal_altar
D:4:      elyvilon_altar_4, nicolae_overflow_hidden_temple,
          cheibrodos_ashenzari_chains, trog_butcher_becter

Skill      XL: |  1  2  3  4  5 |
---------------+----------------+-----
Spellcasting   | 5 |  5.0
Conjurations   | 5 6 |  6.2
Charms         | 4 |  4.4
Dodging        | |  2.4
Stealth        | |  2.4

Action                   |  1- 3 |  4- 6 || total
-------------------------+-------+-------++-------
Melee: Whip              |    32 |    12 ||    44
 Cast: Magic Dart        |    58 |    42 ||   100
       Searing Ray       |     4 |    24 ||    28
 Stab: Sleeping          |     2 |       ||     2
  Eat: Bread ration      |     1 |       ||     1
       Chunk             |     4 |     8 ||    12
Armor: Robe              |     4 |     3 ||     7
Dodge: Dodged            |    28 |    28 ||    56
